 Dungeon Crawl Stone Soup version 0.30.1-3-gfc49f6343a (webtiles) character file.

Game seed: 11734441780093267816

40 Peloso the Covered (level 3, 33/33 HPs)
             Began as a Minotaur Fighter on July 31, 2023.
             Got out of the dungeon alive.
             The game lasted 00:01:10 (898 turns).

Peloso the Covered (Minotaur Fighter)                Turns: 898, Time: 00:01:10

Health: 33/33      AC:  7    Str: 20    XL:     3   Next: 30%
Magic:  2/2        EV:  9    Int:  5    God:
Gold:   81         SH:  4    Dex: 11    Spells: 2/2 levels left

rFire   . . .        a - +0 long sword
rCold   . . .        c - +0 buckler
rNeg    . . .        b - +0 scale mail
rPois   .            (helmet restricted)
rElec   .            (no cloak)
rCorr   .            (no gloves)
SInv    .            (no boots)
Will    .....        (no amulet) Stlth
                     (no ring)
HPRegen 0.25/turn    (no ring)
MPRegen 0.08/turn

%: no passive effects
@: no status effects
A: horns 2, retaliatory headbutt, deterioration 1
a: no special abilities


You escaped.
You visited 1 branch of the dungeon, and saw 1 of its levels.

You collected 81 gold pieces.

Inventory:

Hand Weapons
 a - a +0 long sword (weapon)
Armour
 b - a +0 scale mail (worn)
 c - a +0 buckler (worn)
Scrolls
 f - a scroll of identify {unknown}
 g - a scroll of torment {unknown}
Potions
 d - a potion of might
 h - a potion of ambrosia {unknown}
 i - a potion of curing {unknown}


   Skills:
 + Level 4.0 Fighting
 + Level 3.3 Long Blades
 + Level 4.0 Armour
 + Level 0.2 Dodging
 + Level 4.0 Shields


You had 2 spell levels left.
You didn't know any spells.
Your spell library was empty.

Dungeon Overview and Level Annotations

Branches:
Dungeon (1/15)

Altars:


Innate Abilities, Weirdness & Mutations

You have a pair of horns on your head.
You reflexively headbutt those who attack you in melee.
Your body sometimes deteriorates upon taking damage.


Message History

The hobgoblin hits you.
You hit the hobgoblin.
You kill the hobgoblin!
You now have 81 gold pieces (gained 11).
You see here a giant cockroach corpse.
You open the door. You open the door.
Found a stone staircase leading down.
You see here a giant cockroach corpse.
Found a faded altar of an unknown god.
A dart slug comes into view.
Found a hand axe and a robe.
A dart slug is nearby!
You see here a +0 hand axe.
You hit the dart slug. You headbutt the dart slug.
The dart slug is severely wounded.
The dart slug closely misses you.
You hit the dart slug but do no damage. You headbutt the dart slug.
You kill the dart slug!
Things that are here:
a +0 robe; a human skeleton Done exploring.
Done exploring.
Done exploring.
It was a potion of mutation.
You feel extremely strange.
You feel yourself wasting away.
(D) Dungeon
Where to? (? - help)
What level of the Dungeon? (default 1, ? - help)
You see here a +0 hand axe.
There is an open door here.
As you open the door, it creaks loudly!
You can't go up here!
(D) Dungeon
Where to? (Enter - D:1 @ (x,y), ? - help)
There is an open door here.
There is an open door here.
There is a staircase leading out of the dungeon here.
Are you sure you want to leave the Dungeon?
This will make you lose the game!
You have escaped!

###################
#.................#
#.###############.#
#.# ##########.# #.#
#≈P~♣~~.@#.#
#.######P♣~.....#.#
#.##...'.....~♣~#.#
##'##.###~♣.~♣PP♣#.###
........###'######...#
.....##.....# #.###
.....######## #.#
.....# #.# .....# #.#


There were no monsters in sight!

Vanquished Creatures
  A gnoll (D:1)
  2 dart slugs (D:1)
  3 ball pythons (D:1)
  4 bats (D:1)
  3 endoplasms (D:1)
  3 giant cockroaches (D:1)
  A goblin (D:1)
  A hobgoblin (D:1)
  A quokka (D:1)
  2 frilled lizards (D:1)
  A kobold (D:1)
  2 rats (D:1)
24 creatures vanquished.

Notes
Turn   | Place    | Note
-------+----------+-------------------------------------------
     0 | D:1      | Peloso the Minotaur Fighter began the quest for the Orb.
     0 | D:1      | Reached XP level 1. HP: 19/19 MP: 0/0
   134 | D:1      | Reached XP level 2. HP: 26/27 MP: 1/1
   576 | D:1      | Reached XP level 3. HP: 21/33 MP: 2/2
   812 | D:1      | Found a faded altar of an unknown god.
   820 | D:1      | Gained mutation: Your body sometimes deteriorates upon
                  | taking damage. [potion of mutation]
   898 | D:$      | Got out of the dungeon alive.

Illustrated notes

Levels and vault maps discovered:
D:1:      tarquinn_simple_flora_water_f, layout_basic,
          dreamdust_ecumenical_altar_hidden_monk_grotto

Skill      XL: |  1  2  3 |
---------------+----------+-----
Armour         | 4 |  4.0
Fighting       | 4 |  4.0
Long Blades    | 3 |  3.3
Shields        | 4 |  4.0
Dodging        | |  0.2

Action                     || total
---------------------------++-------
  Melee: Long sword        ||    48
         Headbutt          ||     9
    Use: Potion            ||     1
 Armour: Scale mail        ||    20
  Dodge: Dodged            ||    17
  Block: Buckler           ||    13
